 Dungeon Crawl Stone Soup version 0.31-a0-1074-g0b22e4e0f1 (webtiles) character file.

Game seed: 15863900686924311376

74081 strifetoe the Severer (level 15, -4/90 HPs)
             Began as a Gargoyle Gladiator on Dec 8, 2023.
             Was the Champion of Makhleb.
             Slain by a demonic crawler (8 damage)
             ... on level 1 of the Spider Nest.
             The game lasted 00:36:07 (20444 turns).

strifetoe the Severer (Gargoyle Gladiator)         Turns: 20444, Time: 00:36:07

Health: -4/90      AC: 30    Str: 31    XL:     15   Next: 45%
Magic:  20/20      EV:  9    Int: 11    God:    Makhleb [******]
Gold:   308        SH:  7    Dex: 14    Spells: 14/14 levels left

rFire   + + .        a - +1 war axe (flame)
rCold   + + .        k - +1 buckler {reflect}
rNeg    + . .        C - +4 plate armour {rF+}
rPois   ∞            L - +1 hat "Hanu" {rC+}
rElec   +            w - scarf "Xifof" {rC+ rF+, rPois}
rCorr   .            p - +0 pair of gloves of Alaxe {*Corrode rElec Int+2 Dex+3}
SInv    .            n - +0 pair of boots
Will    +....        y - amulet of regeneration Stlth
                     h - +6 ring of strength
HPRegen 1.15/turn    q - +4 ring of slaying
MPRegen 0.17/turn

%: corrode self (3%), reflection
@: flying, studying Invocations
A: sickness immunity, AC +11, big wings, negative energy resistance 1,
electricity resistance, torment resistance 1, petrification resistance, deformed
body, frail 1
a: Renounce Religion, Minor Destruction, Lesser Servant of Makhleb, Major
Destruction, Greater Servant of Makhleb


You were on level 1 of the Spider Nest.
You worshipped Makhleb.
Makhleb was exalted by your worship.
You visited 5 branches of the dungeon, and saw 21 of its levels.
You also visited: Gauntlet.

You collected 1876 gold pieces.
You spent 1568 gold pieces at shops.

Inventory:

Hand Weapons
 a - a +1 war axe of flaming (weapon)
 N - the +6 hand axe of the Shining Light {flame, Fly rF+ rC-}
   (You took it off a minotaur in a Gauntlet)

   rF+:       It protects you from fire.
   rC-:       It makes you vulnerable to cold.
   Fly:       It grants you flight.
 P - the +5 flail of Monal {venom, Will+ Str+3}
   (You found it on level 3 of the Lair of Beasts)

   Str+3:     It affects your strength (+3).
   Will+:     It increases your willpower.
Missiles
 d - 5 throwing nets (quivered)
 e - 13 javelins
Armour
 k - a +1 buckler of reflection (worn)
 n - a +0 pair of boots (worn)
 p - the +0 pair of gloves of Alaxe (worn) {*Corrode rElec Int+2 Dex+3}
   (You found it on level 5 of the Lair of Beasts)

   Int+2:     It affects your intelligence (+2).
   Dex+3:     It affects your dexterity (+3).
   rElec:     It insulates you from electricity.
   *Corrode:  It may corrode you when you take damage.
 w - the scarf "Xifof" (worn) {rC+ rF+, rPois}
   (You bought it in a shop on level 1 of the Shoals)

   rPois:     It protects you from poison
 C - a +4 plate armour of fire resistance (worn)
 E - a +0 kite shield
 L - the +1 hat "Hanu" (worn) {rC+}
   (You found it in a Gauntlet)

   rC+:       It protects you from cold.
Jewellery
 g - a ring of protection from fire
 h - a +6 ring of strength (left hand)
 l - an amulet of reflection
 q - a +4 ring of slaying (right hand)
 y - an amulet of regeneration (around neck)
 M - the amulet "Dumuof" {Reflect Fragile Fly Int+7 Slay-5 SH+5}
   (You found it on level 1 of the Spider Nest)

   [amulet of reflection]

   Reflect:   It reflects blocked missile attacks.
   Int+7:     It affects your intelligence (+7).
   Slay-5:    It affects your accuracy & damage with ranged weapons and melee
   (-5).
   Fly:       It grants you flight.
   Fragile:   It will be destroyed if unequipped.
   SH+5:      It affects your SH (+5).
Wands
 c - a wand of polymorph (3)
 A - a wand of mindburst (5)
 D - a wand of digging (12)
 I - a wand of flame (8)
 O - a wand of light (3)
Scrolls
 b - 8 scrolls of identify
 m - 3 scrolls of revelation
 s - a scroll of fog
 t - 2 scrolls of fear
 u - 5 scrolls of teleportation
 v - 2 scrolls of brand weapon
 x - 3 scrolls of enchant weapon
 z - 3 scrolls of enchant armour
Potions
 f - 3 potions of enlightenment
 i - 3 potions of mutation
 j - 4 potions of haste
 r - 2 potions of invisibility
 B - 2 potions of brilliance
 F - 2 potions of resistance
 G - a potion of cancellation
 H - a potion of might
 J - 3 potions of ambrosia
 K - 2 potions of attraction


   Skills:
 + Level 14.5 Fighting
 - Level 16.7 Axes
 - Level 1.7 Throwing
 - Level 13.4 Armour
 - Level 2.4 Dodging
 - Level 7.0 Shields
 + Level 6.9 Invocations
 - Level 4.3 Evocations


You had 14 spell levels left.
You didn't know any spells.
Your spell library contained the following spells:

 Spells                   Type           Power      Damage    Failure   Level
 Kiss of Death            Conj/Necr      0%         2d5       92%         1
 Magic Dart               Conj           0%         1d3       92%         1
 Shock                    Conj/Air       0%         1d3       92%         1
 Slow                     Hex            0%         N/A       92%         1
 Call Imp                 Summ           0%         N/A       98%         2
 Ensorcelled Hibernation  Hex/Ice        0%         N/A       98%         2
 Passwall                 Tmut/Erth      0%         N/A       98%         2
 Searing Ray              Conj           0%         2d4       98%         2
 Confusing Touch          Hex            0%         N/A       100%        3
 Dazzling Flash           Conj/Hex       0%         N/A       100%        3
 Ignite Poison            Fire/Tmut/Pois 0%         N/A       100%        3
 Mephitic Cloud           Conj/Pois/Air  0%         N/A       100%        3
 Sigil of Binding         Hex            0%         N/A       100%        3
 Swiftness                Air            0%         N/A       100%        3
 Vampiric Draining        Necr           0%         2d6       100%        3
 Anguish                  Hex/Necr       0%         N/A       100%        4
 Cause Fear               Hex            0%         N/A       100%        4
 Dispel Undead            Necr           0%         3d6       100%        4
 Fulminant Prism          Conj/Hex       0%         3d5       100%        4
 Fireball                 Conj/Fire      0%         3d3       100%        5
 Freezing Cloud           Conj/Ice/Air   0%         6-21      100%        5
 Summon Forest            Summ/Tloc      0%         N/A       100%        5
 Summon Mana Viper        Hex/Summ       0%         N/A       100%        5
 Summon Cactus Giant      Summ           0%         N/A       100%        6
 Enfeeble                 Hex            0%         N/A       100%        7
 Cigotuvi's Dreadful Rot  Necr/Pois/Air  Unusable   N/A       N/A         2

Dungeon Overview and Level Annotations

Branches:
Dungeon (12/15)            Temple (0/1) D:6            Lair (5/5) D:8
 Shoals (1/4) Lair:3       Spider (1/4) Lair:3        Slime (0/5) Lair:4
    Orc (2/2) D:12            Elf (0/3) Orc:2       Gauntlet (visited)

Altars:
Ashenzari
Cheibriados
Gozag
Hepliaklqana
Kikubaaqudgha
Makhleb
Nemelex Xobeh
Okawaru
Qazlal
Sif Muna
Uskayaw
Vehumet
Wu Jian
Zin
Jiyva

Shops:
D:10 *[   Orc:1 :   Orc:2 (=**[   Shoals:1 [

Annotations:
D:9 3 runed translucent doors, kaesle's ghost, novice HOFi
D:10 2 transporters, amoryguerra's ghost, journeyman MiBe
Lair:3 2 transporters, Zekheivah's ghost, journeyman MeSh


Innate Abilities, Weirdness & Mutations

You are immune to sickness and miasma.
Your stone body is resilient. (AC +11)
You are immune to poison.
Your large and strong wings let you fly.
You resist negative energy. (rN+)
You are resistant to electric shocks. (rElec)
You are resistant to unholy torment.
You are immune to petrification.
Armour fits poorly on your strangely shaped body.
You are frail. (-10% HP)


Message History

The wolf spider bites you.
* * * LOW HITPOINT WARNING * * *
You block the demonic crawler's attack.
The demonic crawler hits you but does no damage.
The demonic crawler barely misses you. You block the redback's attack.
The broodmother bites you.
* * * LOW HITPOINT WARNING * * *
A spider bursts forth from the wound!
Your life force feels restored.
You are too injured to fight recklessly!
Unknown command.
You slice the demonic crawler!! You burn the demonic crawler!
The demonic crawler is heavily wounded.
You hit the demonic crawler. You burn the demonic crawler.
You hit the redback but do no damage.
You hit the broodmother but do no damage.
You slash the wolf spider! You burn the wolf spider.
The demonic crawler closely misses you.
The demonic crawler hits you but does no damage.
The demonic crawler closely misses you. The wolf spider closely misses you.
The wolf spider bites you but does no damage.
The redback barely misses you.
The demonic crawler hits you but does no damage.
You block the demonic crawler's attack. x2
The culicivora chitters at the wolf spider.
The wolf spider is healed somewhat.
The broodmother bites you!
* * * LOW HITPOINT WARNING * * *
A spider bursts forth from the wound!
You are too injured to fight recklessly!
You hit the demonic crawler but do no damage.
The demonic crawler is heavily wounded.
You slash the broodmother! You burn the broodmother. You hit the wolf spider.
You burn the wolf spider. You closely miss the orb spider.
You barely miss the demonic crawler. You slash the redback!
You burn the redback.
You kill the redback!
The redback's corpse disappears in a puff of smoke!
The demonic crawler completely misses you.
The demonic crawler hits you!
You die...

#.......#
#....####
#....##
#..#..##
##.....## . ##
#.......#
..###.
#..^#..s##
......
#....s#ss#
.=....
#....ss@s#
....#.
#....#s#ss#
.....#
#..#.ss.s..#
......
#...#...?#...
...#..
#.........#....
....#. #......
#. .#.? ..#...
# ..... #. .#.
# ..#. .^..>. .
. ##.. ##.


You could see a broodmother, 2 demonic crawlers, a wolf spider (summoned), an
orb spider (summoned), 2 culicivoras, 2 jumping spiders, 2 tarantellas and 2
redbacks.

Vanquished Creatures
  Donald (Orc:2)
  An orc warlord (Orc:1)
  A minotaur (Gauntlet)
  A dire elephant (Lair:5)
  Snorg (Lair:5)
  Josephine (Lair:5)
  An ice dragon (Lair:5)
  2 hydras
  A radroach (Spider:1)
  7 death yaks
  A demonic crawler (Spider:1)
  3 boulder beetles
  A tengu warrior (Gauntlet)
  A centaur warrior (D:11)
  2 two-headed ogres
  6 orc high priests
  Sonja (Lair:3)
  A fire crab (Lair:4)
  3 skysharks
  2 lindwurms (Lair:5)
  Pikel (D:6)
  A steelbarb worm (Spider:1)
  3 orc knights (Orc:2)
  2 harpies (Lair:3)
  6 orc sorcerers
  3 wolf spiders (Spider:1)
  2 ugly things
  A manticore (Shoals:1)
  3 cyclopes
  Maurice (D:11)
  A moth of wrath (Spider:1)
  2 elephants (Lair:5)
  9 black mambas
  2 torpor snails
  A gargoyle (D:12)
  11 cane toads
  An unseen horror (D:12)
  2 tengu conjurers (Gauntlet)
  2 rime drakes (Lair:5)
  An efreet (Gauntlet)
  7 komodo dragons
  A queen bee (Spider:1)
  3 polar bears
  A meliai (Spider:1)
  4 tarantellas (Spider:1)
  7 trolls
  A hornet (D:5)
  13 blink frogs
  2 dream sheep (Lair:5)
  2 jumping spiders (Spider:1)
  A shadow (D:9)
  2 culicivoras (Spider:1)
  7 wyverns
  37 yaks
  6 wraiths
  6 basilisks
  3 fire elementals (Gauntlet)
  8 redbacks (Spider:1)
  A steam dragon (D:10)
  4 wargs
  4 acid dragons
  11 water moccasins
  2 hell hounds (Gauntlet)
  2 black bears
  29 orc warriors
  3 ice beasts
  A sky beast (D:7)
  10 ogres
  22 wolves
  4 centaurs
  2 lemures (D:6)
  A phantom (D:5)
  3 kobold brigands
  14 bullfrogs
  A gnoll sergeant (D:7)
  2 scorpions (D:6)
  9 wights
  8 killer bees (Spider:1)
  4 howler monkeys
  2 electric eels (Lair:1)
  16 orc priests
  7 jellies
  A hound (D:6)
  Jessica (D:3)
  3 iguanas
  29 orc wizards
  4 sleepcaps
  8 adders
  10 gnolls
  4 white imps
  4 ufetubi
  3 worms
  4 dart slugs
  68 orcs
  4 ball pythons
  7 endoplasms
  4 giant cockroaches
  12 hobgoblins
  5 jackals
  6 quokkas
  3 bats
  3 frilled lizards
  9 goblins
  15 kobolds
  3 rats
576 creatures vanquished.

Vanquished Creatures (collateral kills)
  A great orb of eyes (Gauntlet)
  An orb spider (Spider:1)
  An ugly thing (Gauntlet)
  A tarantella (Spider:1)
  An orc warrior (Orc:2)
5 creatures vanquished.

Vanquished Creatures (others)
  A killer bee (Spider:1)
1 creature vanquished.

Grand Total: 582 creatures vanquished

Notes
Turn   | Place    | Note
-------+----------+-------------------------------------------
     0 | D:1      | strifetoe the Gargoyle Gladiator began the quest for the
                  | Orb.
     0 | D:1      | Reached XP level 1. HP: 12/12 MP: 1/1
   115 | D:1      | Reached skill level 3 in Axes
   178 | D:1      | Reached XP level 2. HP: 17/17 MP: 2/2
   438 | D:1      | Reached XP level 3. HP: 21/21 MP: 3/3
   772 | D:1      | Reached skill level 4 in Axes
   795 | D:2      | Reached XP level 4. HP: 12/26 MP: 4/4
  1333 | D:3      | Noticed Jessica
  1346 | D:3      | Killed Jessica
  1347 | D:3      | Reached skill level 5 in Axes
  1347 | D:3      | Reached XP level 5. HP: 29/30 MP: 5/5
  1604 | D:3      | Reached XP level 6. HP: 11/35 MP: 6/6
  1634 | D:3      | Reached skill level 6 in Axes
  2765 | D:4      | Found an opulent altar of Gozag.
  2797 | D:4      | Reached skill level 7 in Axes
  2797 | D:4      | Reached XP level 7. HP: 39/40 MP: 7/7
  2799 | D:4      | Identified the +2 short sword of Fyelown {chaos, *Rage
                  | rCorr Str+4 Int+5}
  3069 | D:4      | Found a burning altar of Makhleb.
  3087 | D:4      | Found a glowing silver altar of Zin.
  3087 | D:4      | Noticed an angel
  3088 | D:4      | Noticed a cacodemon
  3206 | D:4      | Became a worshipper of Makhleb the Destroyer
  3230 | D:5      | Entered Level 5 of the Dungeon
  3500 | D:5      | Reached skill level 8 in Axes
  3711 | D:5      | Noticed a hornet
  3731 | D:5      | Killed a hornet
  3732 | D:5      | Reached XP level 8. HP: 29/46 MP: 8/8
  3810 | D:5      | Found an ornate altar of the Wu Jian Council.
  4118 | D:5      | Reached * piety under Makhleb
  4286 | D:6      | Found a staircase to the Ecumenical Temple.
  4339 | D:6      | Found a snail-covered altar of Cheibriados.
  4579 | D:6      | Reached skill level 9 in Axes
  4588 | D:6      | Found a broken altar of Ashenzari.
  4678 | D:6      | Found a sparkling altar of Nemelex Xobeh.
  4938 | D:6      | Found a hide-covered altar of Uskayaw.
  5008 | D:6      | Found a shimmering blue altar of Sif Muna.
  5009 | D:6      | Found an ancient bone altar of Kikubaaqudgha.
  5010 | D:6      | Found a radiant altar of Vehumet.
  5020 | D:6      | Noticed Pikel
  5041 | D:6      | Killed Pikel
  5042 | D:6      | Reached skill level 5 in Armour
  5042 | D:6      | Reached XP level 9. HP: 19/52 MP: 9/9
  5542 | D:7      | Reached skill level 10 in Axes
  5809 | D:7      | Reached skill level 5 in Fighting
  6424 | D:8      | Found a staircase to the Lair.
  6425 | D:8      | Noticed a komodo dragon
  6429 | D:8      | Reached ** piety under Makhleb
  6434 | D:8      | Reached XP level 10. HP: 38/61 MP: 10/10
  6722 | D:8      | Reached skill level 11 in Axes
  7496 | D:9      | Noticed a two-headed ogre
  7701 | D:9      | Reached skill level 1 in Invocations
  7724 | D:9      | Reached skill level 1 in Evocations
  7896 | D:9      | Got Vehumet's Meditations on Momentum
  8294 | D:9      | Found a hazy altar of Hepliaklqana.
  8409 | D:9      | Found a runed translucent gate.
  8410 | D:9      | Found a runed translucent gate.
  8411 | D:9      | Found a runed translucent gate.
  8414 | D:9      | Found a viscous altar of Jiyva.
  8414 | D:9      | Noticed kaesle's ghost (novice HOFi)
  8453 | D:9      | Found a stormy altar of Qazlal.
  8453 | D:9      | Found an iron altar of Okawaru.
  8669 | D:10     | Entered Level 10 of the Dungeon
  8678 | D:10     | Noticed a gargoyle
  8681 | D:10     | Found a transporter.
  8687 | D:10     | Noticed amoryguerra's ghost (journeyman MiBe)
  8782 | D:10     | Reached *** piety under Makhleb
  8812 | D:10     | Reached skill level 12 in Axes
  8848 | D:10     | Reached XP level 11. HP: 52/67 MP: 13/13
  8899 | D:10     | Found Zoesm's Antique Armour Shop.
  8957 | D:10     | Noticed a cyclops
  8960 | D:10     | Found a transporter.
  9084 | D:10     | Found Roos's General Store.
  9279 | D:11     | Noticed a two-headed ogre
  9283 | D:11     | Killed a two-headed ogre
  9394 | D:8      | Killed a two-headed ogre
  9519 | D:11     | Identified the +7 short sword of the Uplifting Gods
                  | {freeze, rN+ Str+2 SInv}
  9715 | D:11     | Noticed a centaur warrior
  9729 | D:11     | Killed a centaur warrior
  9730 | D:11     | Reached skill level 13 in Axes
  9904 | D:11     | Noticed a cyclops
  9919 | D:11     | Killed a cyclops
  9975 | D:11     | Noticed Maurice
  9989 | D:11     | Something stole an amulet of reflection
  9993 | D:11     | Something stole 5 javelins
 10011 | D:11     | Something stole 404 gold
 10013 | D:11     | Killed Maurice
 10213 | D:11     | Reached skill level 14 in Axes
 10477 | D:12     | Noticed a boulder beetle
 10483 | D:12     | Noticed a cyclops
 10492 | D:12     | Killed a cyclops
 10510 | D:12     | Killed a boulder beetle
 10603 | D:12     | Found a staircase to the Orcish Mines.
 10757 | D:12     | Noticed a white ugly thing
 10764 | D:12     | Killed a white ugly thing
 10889 | D:12     | Noticed a boulder beetle
 10906 | D:12     | Killed a boulder beetle
 10907 | D:12     | Reached XP level 12. HP: 66/72 MP: 14/14
 11152 | D:12     | Reached skill level 15 in Axes
 11358 | Lair:1   | Entered Level 1 of the Lair of Beasts
 11431 | Lair:1   | Noticed a boulder beetle
 11444 | Lair:1   | Killed a boulder beetle
 11754 | Lair:1   | Reached skill level 16 in Axes
 11793 | Lair:1   | Reached **** piety under Makhleb
 11818 | Lair:1   | Identified the +4 ring mail of Shielding {rCorr Int+3 Dex-3
                  | Stlth+}
 12059 | Lair:1   | Identified the +1 pair of gloves "Yreurraq" {Contam Int+6
                  | Stlth+}
 12372 | Lair:2   | Found a gate leading to a gauntlet.
 12403 | Gauntlet | Entered a Gauntlet
 12403 | Gauntlet | Found a transporter.
 12403 | Gauntlet | Found a transporter.
 12409 | Gauntlet | Noticed a tengu warrior
 12409 | Gauntlet | Found a transporter.
 12421 | Gauntlet | Found a transporter.
 12439 | Gauntlet | Found a transporter.
 12439 | Gauntlet | Found a transporter.
 12439 | Gauntlet | Found a transporter.
 12441 | Gauntlet | Found a transporter.
 12441 | Gauntlet | Found a transporter.
 12443 | Gauntlet | Noticed a reaper
 12446 | Gauntlet | Found a runed translucent door.
 12451 | Gauntlet | Found a runed translucent door.
 12453 | Gauntlet | Found a transporter.
 12469 | Gauntlet | Found a transporter.
 12479 | Gauntlet | Found a transporter.
 12494 | Gauntlet | Found a transporter.
 12507 | Gauntlet | Noticed a great orb of eyes
 12507 | Gauntlet | Found the +11 plutonium sword {Contam Stlth-}
 12516 | Gauntlet | Found a transporter.
 12594 | Gauntlet | Killed a tengu warrior
 12660 | Gauntlet | Reached skill level 1 in Shields
 12680 | Gauntlet | Killed a great orb of eyes
 12681 | Gauntlet | Reached XP level 13. HP: 78/78 MP: 15/15
 12692 | Gauntlet | Identified the ring of the Foremost Lies {Ice Will- rCorr
                  | Dex+4}
 12819 | Gauntlet | Identified the +1 hat "Hanu" {rC+}
 13319 | Gauntlet | Identified the +6 hand axe of the Shining Light {flame, Fly
                  | rF+ rC-}
 13319 | Gauntlet | Noticed a minotaur
 13336 | Gauntlet | Killed a minotaur
 13346 | Gauntlet | Identified the +9 spear "Yxoti" {heavy, Str+3}
 13673 | Lair:2   | Reached skill level 5 in Shields
 13986 | Lair:2   | You fall into a shaft and drop 1 floor!
 13986 | Lair:3   | Found a hole to the Spider Nest.
 14024 | Lair:3   | Noticed Sonja
 14027 | Lair:3   | Killed Sonja
 14150 | Lair:3   | Identified the +5 flail of Monal {venom, Will+ Str+3}
 14173 | Lair:3   | Found a staircase to the Shoals.
 14334 | Lair:3   | Reached skill level 10 in Fighting
 14337 | Lair:3   | Reached ***** piety under Makhleb
 14342 | Lair:3   | Identified the +2 ring mail "Taoh" {Will++ Int-2}
 14377 | Lair:3   | Found a transporter.
 14379 | Lair:3   | Noticed Zekheivah's ghost (journeyman MeSh)
 14473 | Lair:3   | Found a transporter.
 15879 | Lair:4   | Found a viscous altar of Jiyva.
 15881 | Lair:4   | Found a staircase to the Slime Pits.
 15942 | Lair:4   | Gained mutation: Your large and strong wings let you fly.
                  | [Gargoyle growth]
 15942 | Lair:4   | Reached XP level 14. HP: 88/88 MP: 16/16
 16430 | Lair:5   | Entered Level 5 of the Lair of Beasts
 16474 | Lair:5   | Reached skill level 10 in Armour
 16563 | Lair:5   | Noticed Josephine
 16574 | Lair:5   | Killed Josephine
 16956 | Lair:5   | Noticed a dire elephant
 17263 | Lair:5   | Noticed Snorg
 17273 | Lair:5   | Killed Snorg
 17659 | Lair:5   | Killed a dire elephant
 17687 | Lair:5   | Identified the +0 pair of gloves of Alaxe {*Corrode rElec
                  | Int+2 Dex+3}
 17733 | Lair:5   | Identified the +1 shortbow of Resourcefulness {heavy, rF+}
 17778 | Lair:5   | Gained mutation: Armour fits poorly on your strangely
                  | shaped body. [mutagenic glow]
 18009 | Orc:1    | Entered Level 1 of the Orcish Mines
 18129 | Orc:2    | Entered Level 2 of the Orcish Mines
 18130 | Orc:2    | Paralysed by an orc sorcerer for 3 turns
 18335 | Orc:2    | Reached ****** piety under Makhleb
 18383 | Orc:2    | Found a staircase to the Elven Halls.
 18413 | Orc:2    | Found Dioliu's General Store.
 18419 | Orc:2    | Noticed an orc warlord
 18453 | Orc:1    | Killed an orc warlord
 18587 | Orc:2    | Found Racuap's Antique Weapon Boutique.
 18615 | Orc:2    | Reached XP level 15. HP: 82/99 MP: 17/17
 18774 | Orc:2    | Found Jytualio's Jewellery Boutique.
 18928 | Orc:2    | Noticed Donald
 18947 | Orc:2    | Killed Donald
 18994 | Orc:2    | Found Tuosuef's General Store.
 18999 | Orc:2    | Bought a scroll of teleportation for 33 gold pieces
 19199 | Orc:2    | Found Yjoumod's Antique Armour Emporium.
 19210 | Orc:2    | Bought a pair of boots for 135 gold pieces
 19366 | Orc:1    | Found Noniphuh's Vocational Training.
 19439 | Orc:1    | Bought a manual of Invocations for 1120 gold pieces
 19901 | Shoals:1 | Entered Level 1 of the Shoals
 19925 | Shoals:1 | Found Xeajytok's Antique Armour Boutique.
 19933 | Shoals:1 | Bought a twisted scarf for 280 gold pieces
 19933 | Shoals:1 | Identified the scarf "Xifof" {rC+ rF+, rPois} (You bought
                  | it in a shop on level 1 of the Shoals)
 20163 | Spider:1 | Entered Level 1 of the Spider Nest
 20243 | Spider:1 | Gained mutation: You are frail. (-10% HP) [mutagenic glow]
 20245 | Spider:1 | Reached skill level 5 in Invocations
 20247 | Spider:1 | Identified the amulet "Dumuof" {Reflect Fragile Fly Int+7
                  | Slay-5 SH+5}
 20443 | Spider:1 | HP: 3/90 [broodmother (10)]
 20444 | Spider:1 | Slain by a demonic crawler

Illustrated notes

Levels and vault maps discovered:
D:1:      lemuel_arrival_tunnels, layout_basic
D:2:      layout_basic
D:3:      layout_loops_ring, minmay_fountain_box, uniq_jessica
D:4:      layout_gridville, grunt_temple_overflow_order_and_chaos_2,
          lemuel_round_altar, hangedman_abyss_or_decor_stagger
D:5:      layout_loops_ring, nicolae_wu_jian_wuxing_cycle, kennysheep_crisscross
D:6:      layout_cave_pods, grunt_temple_overflow_magic_moments,
          lemuel_crystal_altar, mainiacjoe_overflow_alcove_1,
          mainiacjoe_overflow_small_starburst, mainiacjoe_overflow_alcove_4,
          minmay_temple_entry_large_hall, uniq_pikel
D:7:      layout_basic
D:8:      layout_basic, david_lair_shrubbed, onia_ninara_dug_in_and_dangerous
D:9:      layout_big_octagon, mainiacjoe_overflow_tiny_flanked,
          gammafunk_temple_overflow_wave, serial_park, serial_park_gazebo
          [serial_park_minivault_5x5_6], serial_park_square1
          [serial_park_minivault_5x5_5], serial_park_tiny_2, serial_park_paths
          [serial_park_minivault_5x5_6], gammafunk_ghost_ooze
D:10:     layout_roguey, nzn_ghost_randoct, serial_shops,
          nicolae_take_the_stairs, shop, kennysheep_generic_room_15
D:11:     layout_stronghold, blue_anna_alchemist, uniq_maurice
D:12:     layout_irregular_city, orc_0_dummy
Lair:1:   layout_misc_corridors, cheibrodos_lair_caveside_slide,
          cheibrodos_lair_reptile_den, serial_bayou_shore_a
Lair:2:   layout_cave_pods, gauntlet_entry_generic
Lair:3:   layout_cave_pods, nicolae_shoals_entry_roost, dummy_spider_entry,
          gammafunk_ghost_berserking_beasts, uniq_sonja
Lair:4:   layout_gridlike, slime_entry_2
Lair:5:   hangedman_lair_in_review, layout_layer_cave, bobbens_ice_dragon_lair,
          serial_bayou_shore_b, uniq_snorg, uniq_josephine
Shoals:1: layout_shoals, serial_shops, nicolae_shop_statue_plus
Spider:1: layout_spider_delve, special_room [special_room_bee], drop_trap,
          spiders_nest_spider_trap, uniq_frances
Orc:1:    nicolae_orc_accident_2, layout_caves, nicolae_shop_vocational
Orc:2:    grunt_orc_gardens, layout_caves, grunt_orc_garden, grunt_orc_garden,
          grunt_orc_garden, grunt_orc_garden, serial_shops,
          nicolae_shop_rolling_square, uniq_donald

Skill      XL: |  1  2  3  4  5  6  7  8  9 10 11 12 13 14 15 |
---------------+----------------------------------------------+-----
Axes           | 3 4 5 7 8 9 10 12 14 16 | 16.7
Fighting       | 3 4 6 7 10 13 14 | 14.5
Armour         | 2 5 6 7 9 12 13 | 13.4
Invocations    | 3 6 |  6.9
Evocations     | 4 |  4.3
Shields        | 2 7 |  7.0
Throwing       | |  1.7
Dodging        | |  2.4

Action                     |  1- 3 |  4- 6 |  7- 9 | 10-12 | 13-15 || total
---------------------------+-------+-------+-------+-------+-------++-------
  Melee: War axe           |    61 |   167 |   299 |   472 |   860 ||  1859
         Punch             |     1 |     1 |       |     5 |       ||     7
 Invoke: Lesser Servant of |       |       |       |     3 |     8 ||    11
  Evoke: Wand              |       |       |       |    29 |    14 ||    43
    Use: Scroll            |       |     6 |     9 |    11 |     6 ||    32
         Potion            |       |       |     1 |     2 |     7 ||    10
   Stab: Distracted        |       |       |       |     2 |     1 ||     3
         Invisible         |       |       |       |       |     1 ||     1
 Armour: Leather armour    |    52 |    29 |       |       |       ||    81
         Plate armour      |       |   166 |   312 |   506 |   935 ||  1919
  Dodge: Dodged            |    49 |    72 |    94 |   171 |   345 ||   731
  Block: Buckler           |       |       |       |       |   290 ||   290
         Reflection        |       |       |       |       |    10 ||    10

Table legend: (Time is in decaauts)
 A = Elapsed time spent in this place.
 B = Non-inter-level travel time spent in this place.
 C = Inter-level travel time spent in this place.
 D = Time resting spent in this place.
 E = Time spent auto-exploring this place.
 F = Levels seen in this place.
 G = Mean time per level.
                   A        B        C        D        E       F      G
               +--------+--------+--------+--------+--------+-----+--------+
         Total |  20214 |  18725 |   1489 |   2728 |  11996 |  22 |  918.8 |
       Dungeon |  11635 |  10822 |    813 |   1630 |   7162 |  12 |  969.6 |
          Lair |   5562 |   4979 |    583 |    218 |   3869 |   5 | 1112.4 |
        Shoals |    204 |    191 |     13 |    100 |     40 |   1 |  204.0 |
   Spider Nest |    245 |    245 |      0 |     54 |     26 |   1 |  245.0 |
  Orcish Mines |   1638 |   1561 |     77 |    224 |    838 |   2 |  819.0 |
      Gauntlet |    928 |    928 |      0 |    502 |     61 |   1 |  928.0 |
               +--------+--------+--------+--------+--------+-----+--------+

Top non-repeatable levels by time:
     D:8: 1549 daAuts
  Lair:5: 1334 daAuts
     D:4: 1272 daAuts
  Lair:1: 1220 daAuts
     D:9: 1180 daAuts
  Lair:2: 1175 daAuts
  Lair:3: 1072 daAuts
    D:11: 1066 daAuts
   Orc:2: 1055 daAuts
     D:7: 1052 daAuts
     D:6: 1049 daAuts
     D:5: 1019 daAuts
Gauntlet: 928 daAuts
     D:1: 801 daAuts
    D:12: 797 daAuts
